 Dungeon Crawl Stone Soup version 0.27-a0-906-g0a00ce863d (webtiles) character file.

Game seed: 10158746801534703042

63 lunkers the Magician (level 4, -9/33 HPs)
             Began as a Djinni Fire Elementalist on Apr 7, 2021.
             Killed by divine providence
             ... invoked by an orc priest
              (13 damage)
             ... on level 3 of the Dungeon.
             The game lasted 00:03:29 (2644 turns).

lunkers the Magician (Djinni Fire Elementalist)     Turns: 2644, Time: 00:03:30

Health: -9/33      AC:  2    Str:  7    XL:     4   Next: 9%
Gold:   40         EV: 12    Int: 17    God:
                   SH:  0    Dex: 14

rFire    + + .     SeeInvis .   (no weapon)
rCold    x . .     Faith    .   (no shield)
rNeg     . . .     Spirit   .   a - +0 robe
rPois    ∞         Reflect  .   (no helmet)
rElec    .         Harm     .   (no cloak)
rCorr    .         Rampage  .   (no gloves)
Will     .....                  (boots unavailable)
Stlth    ++........             (no amulet)
HPRegen  0.11/turn              (no ring)
MPRegen  0.00/turn              (no ring)

@: flying
A: fire resistance 2, cold vulnerability 1, float, innate caster, hp casting,
extra vitality 1
a: no special abilities


You were on level 3 of the Dungeon.
You visited 1 branch of the dungeon, and saw 3 of its levels.

You collected 40 gold pieces.

Inventory:

Armour
 a - a +0 robe (worn)
Jewellery
 c - a ring of ice
Scrolls
 b - a scroll of identify {unknown}
 d - 2 scrolls of magic mapping {unknown}
 e - a scroll of teleportation {unknown}
 i - a scroll of blinking {unknown}
Potions
 f - 2 potions of curing {unknown}
 g - a potion of mutation {unknown}
 h - a potion of brilliance {unknown}


   Skills:
 + Level 1.8 Fighting
 - Level 2.1 Dodging
 - Level 1.5 Stealth
 * Level 3.7 Spellcasting


You couldn't memorise any spells.
You knew the following spells:

 Your Spells              Type           Power      Damage    Failure   Level
a - Foxfire               Conj/Fire      64%        2x1d7     3%          1
b - Conjure Flame         Conj/Fire      16%        6-21      11%         3
c - Inner Flame           Hex/Fire       16%        N/A       11%         3
d - Sticky Flame          Conj/Fire      16%        2d4       34%         4
e - Fireball              Conj/Fire      8%         3d6       67%         5
f - Magic Dart            Conj           64%        1d6       3%          1
Your spell library was empty.

Dungeon Overview and Level Annotations

Branches:
Dungeon (3/15)

Altars:

Annotations:
D:3 3 runed translucent doors, JPVeigar's ghost, amateur DsTm; srzhan31's ghost, amateur DjDe


Innate Abilities, Weirdness & Mutations

You are immune to poison.
Your flesh is very heat resistant. (rF++)
You are vulnerable to cold. (rC-)
You float through the air rather than walking.
You learn spells naturally, not from books.
Your magical power is your life essence.
You have superior vitality. (+4 HP)


Message History

Confirm with . or Enter, or press ? or * to list all spells.
You conjure some foxfire!
* * * LOW HITPOINT WARNING * * *
The foxfire hits the orc but does no damage.
The orc is severely wounded.
The foxfire hits the orc.
You kill the orc!
The orc priest closely misses you.
Casting: Foxfire (safe; 3% risk of failure)
Confirm with . or Enter, or press ? or * to list all spells.
You conjure some foxfire!
* * * LOW HITPOINT WARNING * * *
The foxfire hits the orc wizard but does no damage.
The foxfire hits the orc priest.
The orc priest is moderately wounded.
The orc wizard gestures at itself while chanting.
The orc wizard flickers and vanishes!
Deactivating autopickup; reactivate with Ctrl-A.
The orc priest hits you from afar with a +0 trident.
* * * LOW HITPOINT WARNING * * *
Casting: Foxfire (safe; 3% risk of failure)
Confirm with . or Enter, or press ? or * to list all spells.
You conjure some foxfire!
* * * LOW HITPOINT WARNING * * *
The foxfire hits the orc priest.
The orc priest is heavily wounded.
The foxfire hits something.
The orc priest hits you from afar with a +0 trident.
* * * LOW HITPOINT WARNING * * *
The foxfire hits the orc.
The orc is heavily wounded.
Unknown command.
Your foxfire dissipates!
There is an open door here.
You hear some strange, mumbled words.
Something tries to affect you, but you resist.
You reach down and open the door.
The orc priest mumbles some strange prayers to Beogh against you.
Beogh smites you!
You die...

+..# ##### ##.## #.# +..# ... #.#
#.# #.)# ... #o# #.# #.)# ...
##o## #.# #..# #.# ##...## ##.##
#.## #.## ##.....####.#.## #.#
#..## ##.o.....##[###..
#.########...####.........##.#...
................@......)..'......
#.########...####.......).####...
#.# #........###.......## ##.#
#.# ##.##.###.# ##.....## ### #.#
#.....# #.# ##...## #### #.#
#..##.# #.# ##+## #... #.#
#..#..# #.# #.# #.## ..# #..#..#
#.# #.# #.# #.....###.######.##
#.#


You could see an orc priest and 2 orcs.

Vanquished Creatures
  A worm (D:2)
  5 dart slugs
  An orc (D:3)
  4 ball pythons
  5 endoplasms (D:2)
  2 giant cockroaches (D:2)
  6 goblins
  3 hobgoblins
  3 kobolds
  2 quokkas (D:1)
  5 bats
  3 frilled lizards
  4 rats
44 creatures vanquished.

Vanquished Creatures (others)
  174 foxfires
  5 withered plants (D:3)
179 creatures vanquished.

Grand Total: 223 creatures vanquished

Notes
Turn   | Place    | Note
-------+----------+-------------------------------------------
     0 | D:1      | lunkers the Djinni Fire Elementalist began the quest for
                  | the Orb.
     0 | D:1      | Reached XP level 1. HP: 15/15 MP: 0/0
   495 | D:1      | Reached skill level 3 in Spellcasting
   495 | D:1      | Reached XP level 2. HP: 16/22 MP: 0/0
  1011 | D:1      | Reached skill level 1 in Fighting
  1343 | D:2      | Reached XP level 3. HP: 23/27 MP: 0/0
  1343 | D:2      | Learned a level 1 spell: Magic Dart
  1479 | D:2      | Found a faded altar of an unknown god.
  2431 | D:3      | Found a runed translucent gate.
  2458 | D:3      | Found a runed translucent gate.
  2459 | D:3      | Found a runed translucent gate.
  2460 | D:3      | Noticed JPVeigar's ghost (amateur DsTm)
  2461 | D:3      | Noticed srzhan31's ghost (amateur DjDe)
  2567 | D:3      | Reached XP level 4. HP: 29/33 MP: 0/0
  2644 | D:3      | Killed from afar by an orc priest

Illustrated notes

Levels and vault maps discovered:
D:1:      minmay_arrival_split_and_join, layout_loops_ring
D:2:      layout_rooms, basic_ecumenical_altar, grunt_ministairs_13,
          wad_floor_pattern_1
D:3:      layout_loops_corners, serial_shops, shop_coins,
          gammafunk_ghost_cemetery, feat_on_display

Skill      XL: |  1  2 |
---------------+-------+-----
Spellcasting   | 3 |  3.7
Fighting       | 1 |  1.8
Dodging        | |  2.1
Stealth        | |  1.5

Action                   |  1- 3 |  4- 6 || total
-------------------------+-------+-------++-------
 Cast: Foxfire           |    94 |     8 ||   102
Armor: Robe              |     3 |     2 ||     5
Dodge: Dodged            |    14 |     1 ||    15

Table legend: (Time is in decaauts)
 A = Elapsed time spent in this place.
 B = Non-inter-level travel time spent in this place.
 C = Inter-level travel time spent in this place.
 D = Time resting spent in this place.
 E = Time spent auto-exploring this place.
 F = Levels seen in this place.
 G = Mean time per level.
                   A        B        C        D        E       F      G
               +--------+--------+--------+--------+--------+-----+--------+
         Total |   2643 |   2597 |     46 |      0 |   2335 |   3 |  881.0 |
       Dungeon |   2643 |   2597 |     46 |      0 |   2335 |   3 |  881.0 |
               +--------+--------+--------+--------+--------+-----+--------+

Top non-repeatable levels by time:
     D:1: 1339 daAuts
     D:2: 1013 daAuts
     D:3: 290 daAuts
